 Dungeon Crawl Stone Soup version 0.18-a0-373-gaf408bd (webtiles) character file.

350 Raultor the Changer (level 6, -7/47 HPs)
             Began as a Draconian Transmuter on Nov 29, 2015.
             Killed from afar by cireshan's ghost (15 damage)
             ... with an orb of energy
             ... on level 4 of the Dungeon.
             The game lasted 00:13:20 (3238 turns).

Raultor the Changer (Draconian Transmuter)          Turns: 3238, Time: 00:13:21

Health: -7/47      AC:  7    Str: 14    XL:     6   Next: 34%
Magic:  2/9        EV: 12    Int: 13    God:
Gold:   137        SH:  0    Dex: 15    Spells: 2 memorised, 6 levels left

rFire  . . .     SeeInvis .       - Unarmed
rCold  . . .     Clarity  .     (armour unavailable)
rNeg   . . .     SustAt   .     (no shield)
rPois  .         Gourm    .     (helmet restricted)
rElec  .         Spirit   .     s - +0 cloak
rCorr  .         Warding  .     (no gloves)
rMut   .         Stasis   .     (boots currently unavailable)
MR     .....                    f - amulet of rage
Stlth  +.........               (no ring)
                                t - +3 ring of dexterity

@: appendage (expiring), very slightly contaminated, not resistant to hostile
enchantments, very unstealthy
A: unfitting armour, talons 3, cold-blooded, AC +6
a: End Transformation, Evoke Berserk Rage


You were on level 4 of the Dungeon.
You were hungry.
You had grown temporary talons.
You visited 1 branch of the dungeon, and saw 4 of its levels.

You collected 137 gold pieces.

Inventory:

Hand Weapons
 b - a +0 hunting sling
Missiles
 a - 53 arrows
 d - a throwing net (quivered)
 n - 44 stones
 o - 8 arrows of dispersal
Armour
 s - a +0 cloak (worn)
Jewellery
 f - an amulet of rage (around neck)
 t - a +3 ring of dexterity (left hand)
Wands
 p - a wand of slowing (34)
Scrolls
 g - a scroll of amnesia {unknown}
 r - 3 scrolls of identify {unknown}
 u - 2 scrolls of random uselessness {unknown}
 y - a scroll of blinking {unknown}
 C - a scroll of remove curse {unknown}
Potions
 h - a potion of resistance {unknown}
 i - a potion of might {unknown}
 k - 2 potions of magic
 m - a potion of agility {unknown}
 w - a potion of poison {unknown}
 x - a potion of brilliance {unknown}
 z - a potion of flight {unknown}
 A - a potion of invisibility {unknown}
Books
 e - a book of Changes

   Spells                             Type                      Level
   a - Beastly Appendage              Transmutation                1
   b - Sticks to Snakes               Transmutation                2
   c - Spider Form                    Transmutation/Poison         3
   d - Ice Form                       Ice/Transmutation            4
   e - Blade Hands                    Transmutation                5
 q - a book of Air

   Spells                             Type                      Level
   a - Shock                          Conjuration/Air              1
   b - Swiftness                      Charms/Air                   2
   c - Repel Missiles                 Charms/Air                   2
   d - Static Discharge               Conjuration/Air              3
   e - Lightning Bolt                 Conjuration/Air              5
Comestibles
 c - 3 bread rations
 j - 4 meat rations
 B - 6 chunks of flesh


   Skills:
 - Level 1.1 Fighting
 - Level 1.7 Dodging
 + Level 4.6 Unarmed Combat
 - Level 2.0 Spellcasting
 * Level 5.7 Transmutations


You had 6 spell levels left.
You knew the following spells:

 Your Spells              Type           Power        Failure   Level  Hunger
a - Beastly Appendage     Trmt           ###...       2%          1    ##.....
b - Sticks to Snakes      Trmt           ###.....     4%          2    ###....


Dungeon Overview and Level Annotations

Branches:
Dungeon (4/15)
 Temple: D:4-7

Altars:
Nemelex Xobeh
Sif Muna
Zin

Annotations:
D:4 cireshan's ghost, amateur DECj


Innate Abilities, Weirdness & Mutations

Your plain brown scales are hard (AC +6).
Your body does not fit into most forms of armour.
You are cold-blooded and may be slowed by cold attacks.
You have claws for feet.


Message History

Cireshan's ghost casts a spell at you. The magic dart hits you!
You closely miss cireshan's ghost.
Cireshan's ghost is severely damaged.
Casting: Beastly Appendage
Confirm with . or Enter, or press ? or * to list all spells.
You miscast Sticks to Snakes.
Your skin glows momentarily.
Cireshan's ghost shouts, "You must not succeed where I failed!"
Cireshan's ghost points at you and mumbles some strange words.
The magic dart hits you!
* * * LOW HITPOINT WARNING * * *
You hit cireshan's ghost.
Cireshan's ghost is almost destroyed.
Cireshan's ghost hits you.
* * * LOW HITPOINT WARNING * * *
You hit cireshan's ghost.
Cireshan's ghost is almost destroyed.
Cireshan's ghost points at you and mumbles some strange words.
The orb of energy hits you!
You die...

####.. #.. # ##.
#########.# #.
#.......#.# #..
#.......... #..
#.......# ##.
#.......# #.
#..<.@W.###.# #.
#...........# #.
#.......#.##....
#. ##...####...
.#.###. #.###
>##.# #..... #.
.##.# #####. #.
.##.##.#####. #.
.##..........
.W.........†.


You could see cireshan's ghost.

Vanquished Creatures
  A giant frog (D:3)
  An orc priest (D:4)
  A worker ant (D:4)
  A hound skeleton (D:4)
  An ooze (D:3)
  3 worms
  2 giant geckos
  8 orcs
  3 giant cockroaches
  6 goblins
  3 hobgoblins
  13 jackals
  A ball python (D:3)
  6 bats
  2 giant newts
  13 kobolds
  A quokka (D:2)
  7 rats
73 creatures vanquished.

Vanquished Creatures (collateral kills)
  Grinder (D:3)
  An orc (D:3)
2 creatures vanquished.

Grand Total: 75 creatures vanquished

Notes
Turn   | Place    | Note
--------------------------------------------------------------
     0 | D:1      | Raultor the Draconian Transmuter began the quest for the Orb.
     0 | D:1      | Reached XP level 1. HP: 16/16 MP: 3/3
   107 | D:1      | Reached XP level 2. HP: 11/23 MP: 5/5
   447 | D:1      | Learned a level 2 spell: Sticks to Snakes
   836 | D:2      | Reached XP level 3. HP: 19/28 MP: 6/6
  1033 | D:2      | Found a deep blue altar of Sif Muna.
  1470 | D:3      | Found a sparkling altar of Nemelex Xobeh.
  1885 | D:3      | Found a glowing silver altar of Zin.
  2184 | D:3      | Noticed Grinder
  2192 | D:3      | Paralysed by Grinder for 6 turns
  2202 | D:3      | Killed Grinder
  2202 | D:3      | Reached skill level 4 in Unarmed Combat
  2202 | D:3      | Reached XP level 4. HP: 23/35 MP: 2/7
  2202 | D:3      | Reached XP level 5. HP: 26/40 MP: 2/8
  2270 | D:3      | Reached skill level 5 in Transmutations
  2422 | D:3      | Reached XP level 6. HP: 35/47 MP: 7/9
  2754 | D:4      | Noticed cireshan's ghost (amateur DECj)
  3238 | D:4      | Killed from afar by cireshan's ghost

Vault maps used:
D:1:      erik_arrival_blinker_ship, bh_walls_and_bars
D:2:      nicolae_overflow_hidden_temple, first_bread
D:3:      lemuel_coloured_pillars_altar, nemelex_deck, uniq_grinder
D:4:      fedhas_altar_1, temple_statues, trog_book

Action                   |  1- 3 |  4- 6 || total
-------------------------+-------+-------++-------
Melee: Unarmed           |   183 |   115 ||   298
 Fire: Hunting sling     |     8 |     1 ||     9
 Cast: Beastly Appendage |    11 |     8 ||    19
       Sticks to Snakes  |     2 |     5 ||     7
  Use: Scroll            |     1 |       ||     1
       Potion            |     2 |     4 ||     6
 Stab: Sleeping          |     4 |       ||     4
       Distracted        |       |     1 ||     1
  Eat: Chunk             |     4 |     4 ||     8
